 Dungeon Crawl Stone Soup version 0.28-a0-1518-gbe868bca14 (webtiles) character file.

Game seed: 13324118696819078208

87 Lekart the Skirmisher (level 4, -3/40 HPs)
             Began as a Draconian Abyssal Knight on Jan 17, 2022.
             Was a Follower of Lugonu.
             Slain by Grinder (4 damage)
             ... on level 3 of the Dungeon.
             The game lasted 00:04:10 (2349 turns).

Lekart the Skirmisher (Draconian Abyssal Knight)    Turns: 2349, Time: 00:04:10

Health: -3/40      AC:  7    Str: 16    XL:     4   Next: 28%
Magic:  5/5        EV: 12    Int: 10    God:    Lugonu [*.....]
Gold:   90         SH:  0    Dex: 13    Spells: 3/3 levels left

rFire   . . .      SeeInvis .   i - +2 short sword (venom)
rCold   . . .      Faith    .   (no shield)
rNeg    . . .      Spirit   .   (armour unavailable)
rPois   .          Reflect  .   (helmet restricted)
rElec   .          Harm     .   b - +0 cloak
rCorr   .          Rampage  .   k - +0 pair of gloves
Will    .....                   (no boots)
Stlth   +.........              (no amulet)
HPRegen 0.13/turn               (no ring)
MPRegen 0.09/turn               (no ring)

@: no status effects
A: AC +5, unfitting armour, cold-blooded
a: Renounce Religion, Depart the Abyss


You were on level 3 of the Dungeon.
You worshipped Lugonu.
Lugonu was aware of your devotion.
You visited 1 branch of the dungeon, and saw 3 of its levels.
You visited the Abyss 1 time.

You collected 90 gold pieces.

Inventory:

Hand Weapons
 a - a +1 falchion
 i - a +2 short sword of venom (weapon)
Missiles
 c - 5 boomerangs (quivered)
Armour
 b - a +0 cloak (worn)
 k - a +0 pair of gloves (worn)
Wands
 m - a wand of polymorph (10)
Scrolls
 f - 2 scrolls of identify {unknown}
 h - a scroll of noise {unknown}
 j - a scroll of teleportation {unknown}
 l - 2 scrolls of enchant armour {unknown}
 n - a scroll of vulnerability {unknown}
Potions
 e - a potion of haste {unknown}
 g - a potion of curing {unknown}


   Skills:
 + Level 4.0 Fighting
 + Level 2.6 Long Blades
 + Level 0.4 Throwing
 * Level 3.0 Dodging
 * Level 2.6 Invocations


You had 3 spell levels left.
You didn't know any spells.
Your spell library was empty.

Dungeon Overview and Level Annotations

Branches:
Dungeon (3/15)

Altars:
Yredelemnul

Annotations:
D:2 exclusion: downstairs
D:3 Grinder, Ijyb


Innate Abilities, Weirdness & Mutations

Your plain brown scales are hard. (AC +5)
You cannot fit into any form of body armour.
You are cold-blooded and may be slowed by cold attacks.


Message History

You kill the orc!
Lugonu accepts your kill.
You climb upwards.
Level annotation: exclusion: downstairs
There is a stone staircase leading down here.
You start resting.
HP restored.
Done exploring.
Done exploring.
(D) Dungeon
Where to? (Enter - D:3, ? - help)
There is a stone staircase leading down here.
You climb downwards.
Level annotation: Grinder, Ijyb Grinder gestures at you.
Pain shoots through your body!
There is a stone staircase leading up, spattered with blood here.
Grinder hits you!
You writhe in agony.
You are too injured to fight recklessly!
You are too injured to fight recklessly!
You are too injured to fight recklessly!
There is a stone staircase leading up, spattered with blood here.
You hit Grinder.
Grinder is lightly wounded.
Grinder hits you.
You hit Grinder.
You tail-slap Grinder, but do no damage.
Grinder is lightly wounded.
Grinder hits you but does no damage.
You puncture Grinder!
You tail-slap Grinder, but do no damage.
Grinder is moderately wounded.
Grinder hits you.
You writhe in agony.
* * * LOW HITPOINT WARNING * * *
You hit Grinder.
Grinder is heavily wounded.
Grinder hits you!
* * * LOW HITPOINT WARNING * * *
You writhe in agony.
You die...

..... .... #.
... #.# ...
..# #.# ..#
#.# ..# .##
#.###..#...#
###@5.........
#.)......#.$.
#.#####.## ...
... .... .###
#### ##


You could see Grinder.

Vanquished Creatures
  An iguana (D:2)
  3 adders (D:2)
  A worm (D:2)
  2 dart slugs (D:1)
  An orc (D:3)
  3 bats
  2 endoplasms (D:2)
  A hobgoblin (D:3)
  3 kobolds (D:1)
  A quokka (D:2)
  7 ball pythons
  A frilled lizard (D:1)
  A goblin (D:1)
  A rat (D:1)
28 creatures vanquished.

Notes
Turn   | Place    | Note
-------+----------+-------------------------------------------
     0 | Abyss:1  | Lekart the Draconian Abyssal Knight began the quest for the
                  | Orb.
     0 | Abyss:1  | Reached XP level 1. HP: 19/19 MP: 2/2
    16 | D:1      | Escaped the Abyss
    43 | D:1      | Found a faded altar of an unknown god.
   224 | D:1      | Reached XP level 2. HP: 26/26 MP: 3/3
   573 | D:2      | Reached XP level 3. HP: 3/33 MP: 4/4
  1059 | D:2      | Reached skill level 4 in Fighting
  1114 | D:2      | Reached XP level 4. HP: 35/40 MP: 5/5
  1454 | D:2      | Found a basalt altar of Yredelemnul.
  1504 | D:2      | Reached ** piety under Lugonu
  1606 | D:3      | Noticed Ijyb
  1608 | D:3      | Noticed an ogre
  1717 | D:3      | Noticed Grinder
  1730 | D:3      | Paralysed by Grinder for 2 turns
  2021 | D:3      | Paralysed by Grinder for 3 turns
  2349 | D:3      | HP: 1/40 [Grinder (8)]
  2349 | D:3      | Slain by Grinder

Illustrated notes

Levels and vault maps discovered:
D:1:      amcnicky_arrival_underground_garden, layout_rooms,
          ebering_ecumenical_altar_rust
D:2:      layout_loops_ring, basic_altar
D:3:      layout_loops_ring, nicolae_tso_swordbearing_angel, lemuel_round_altar,
          guppyfry_early_orc_mine, uniq_grinder, uniq_ijyb,
          uniq_crazy_yiuf_cottage

Skill      XL: |  1  2  3  4 |
---------------+-------------+-----
Fighting       | 4 |  4.0
Dodging        | 3 |  3.0
Long Blades    | |  2.6
Throwing       | |  0.4
Invocations    | |  2.6

Action                   |  1- 3 |  4- 6 || total
-------------------------+-------+-------++-------
Melee: Falchion          |    57 |       ||    57
       Tailslap          |     9 |     6 ||    15
       Punch             |     1 |       ||     1
       Short sword       |     7 |    45 ||    52
Throw: Boomerang         |    10 |       ||    10
  Use: Potion            |       |     1 ||     1
 Stab: Sleeping          |     1 |       ||     1
Armor: Skin              |    23 |    12 ||    35
Dodge: Dodged            |    39 |    24 ||    63

Table legend: (Time is in decaauts)
 A = Elapsed time spent in this place.
 B = Non-inter-level travel time spent in this place.
 C = Inter-level travel time spent in this place.
 D = Time resting spent in this place.
 E = Time spent auto-exploring this place.
 F = Levels seen in this place.
 G = Mean time per level.
                   A        B        C        D        E       F      G
               +--------+--------+--------+--------+--------+-----+--------+
         Total |   2367 |   2303 |     64 |    913 |   1043 |   4 |  591.8 |
       Dungeon |   2351 |   2287 |     64 |    913 |   1035 |   3 |  783.7 |
         Abyss |     16 |     16 |      0 |      0 |      8 |   1 |   16.0 |
               +--------+--------+--------+--------+--------+-----+--------+

Top non-repeatable levels by time:
     D:2: 1789 daAuts
     D:1: 491 daAuts
     D:3: 69 daAuts
 Abyss:1: 16 daAuts
